 Dungeon Crawl Stone Soup version 0.29-a0-337-g68df138881 (webtiles) character file.

Game seed: 16182363916084280498

157 Essalna the Magician (level 5, -1/40 HPs)
             Began as a Djinni Conjurer on Apr 16, 2022.
             Slain by an orc wizard
             ... wielding a +0 dagger
              (2 damage)
             ... on level 2 of the Dungeon.
             The game lasted 00:02:25 (1375 turns).

Essalna the Magician (Djinni Conjurer)              Turns: 1375, Time: 00:02:25

Health: -1/40      AC:  3    Str:  6    XL:     5   Next: 66%
Gold:   53         EV: 12    Int: 22    God:
                   SH:  0    Dex: 11

rFire   + + .      SeeInvis .   (no weapon)
rCold   x . .      Faith    .   (no shield)
rNeg    . . .      Spirit   .   a - +0 robe
rPois   ∞          Reflect  .   (no helmet)
rElec   .          Harm     .   (no cloak)
rCorr   .          Rampage  .   f - +0 pair of gloves
Will    .....                   (boots unavailable)
Stlth   ++........              (no amulet)
HPRegen 0.13/turn               (no ring)
MPRegen 0.00/turn               (no ring)

@: flying
A: sickness immunity, fire resistance 2, cold vulnerability 1, float, innate
caster, HP casting, extra vitality 1
a: no special abilities


You were on level 2 of the Dungeon.
You visited 1 branch of the dungeon, and saw 2 of its levels.

You collected 53 gold pieces.

Inventory:

Armour
 a - a +0 robe (worn)
 f - a +0 pair of gloves (worn)
 i - a +0 leather armour of cold resistance
Scrolls
 b - a scroll of amnesia {unknown}
 d - a scroll of teleportation {unknown}
 e - a scroll of fog {unknown}
 h - a scroll of noise {unknown}
Potions
 c - a potion of heal wounds {unknown}
 g - a potion of curing {unknown}


   Skills:
 + Level 3.3 Fighting
 - Level 2.1 Dodging
 - Level 1.5 Stealth
 + Level 4.2 Spellcasting


You couldn't memorise any spells.
You knew the following spells:

 Your Spells              Type           Power      Damage    Failure   Level
a - Magic Dart            Conj           92%        1d7       1%          1
b - Searing Ray           Conj           46%        2d6       2%          2
c - Dazzling Flash        Conj/Hex       46%        N/A       5%          3
d - Fulminant Prism       Conj/Hex       11%        3d9       19%         4
e - Iskenderun's Mystic   Conj/Tloc      23%        2d6       19%         4
f - Slow                  Hex            92%        N/A       1%          1
g - Ensorcelled Hibernat  Hex/Ice        46%        N/A       2%          2
Your spell library was empty.

Dungeon Overview and Level Annotations

Branches:
Dungeon (2/15)

Altars:

Shops:
D:1 [


Innate Abilities, Weirdness & Mutations

You are immune to sickness and miasma.
You are immune to poison.
Your flesh is very heat resistant. (rF++)
You are vulnerable to cold. (rC-)
You float through the air rather than walking.
You learn spells naturally, not from books.
Your magical power is your life essence.
You have superior vitality. (+4 MHP)


Message History

The magic dart hits the orc wizard.
The orc wizard is moderately wounded.
* * * LOW HITPOINT WARNING * * *
The orc wizard misses you.
Casting: Magic Dart (safe; 1% risk of failure)
Confirm with . or Enter, or press ? or * to list all spells.
Aiming: Magic Dart (safe; 1% risk of failure)
Press: ? - help, Shift-Dir - straight line, f/p - orc wizard
Aim: an orc wizard, wielding a +0 dagger and wearing a +0 robe (moderately wounded, 100% to hit)
The magic dart hits the orc wizard.
The orc wizard is moderately wounded.
* * * LOW HITPOINT WARNING * * *
The orc wizard hits you with a +0 dagger.
* * * LOW HITPOINT WARNING * * *
Casting: Magic Dart (safe; 1% risk of failure)
Confirm with . or Enter, or press ? or * to list all spells.
Aiming: Searing Ray (safe; 2% risk of failure)
Press: ? - help, Shift-Dir - straight line, f/p - orc wizard
Aim: an orc wizard, wielding a +0 dagger and wearing a +0 robe (moderately wounded, 72% to hit)
The searing ray hits the orc wizard.
The orc wizard is severely wounded. (Press . to maintain the ray.)
* * * LOW HITPOINT WARNING * * *
The orc wizard hits you with a +0 dagger.
* * * LOW HITPOINT WARNING * * *
The searing ray hits the orc wizard.
The orc wizard is severely wounded.
* * * LOW HITPOINT WARNING * * *
The orc wizard gestures at you while chanting.
You resist with some effort.
The searing ray misses the orc wizard.
* * * LOW HITPOINT WARNING * * *
The orc wizard gestures at you while chanting.
The puff of flame hits you but does no damage.
You resist.
The searing ray misses the orc wizard.
* * * LOW HITPOINT WARNING * * *
You finish channelling your searing ray.
The orc wizard hits you with a +0 dagger.
You die...

...## #### #######
### #.....# ..#
#.###.##### #)#
#.........# #)#
########.###.# #)#
.........# #.# #o#
########## #.# #@#
############.###.#
#..##............#
....#.############
......# ......#
>...#.# ....#.#
......#


You could see an orc wizard.

Vanquished Creatures
  An orc priest (D:2)
  An orc wizard (D:2)
  Natasha (twice) (D:2)
  A gnoll (D:1)
  2 orcs (D:2)
  3 endoplasms (D:1)
  A giant cockroach (D:2)
  4 goblins
  2 hobgoblins
  A jackal (D:2)
  3 quokkas (D:1)
  4 ball pythons (D:1)
  9 bats
  2 frilled lizards
  3 kobolds (D:1)
  2 rats
41 creatures vanquished.

Notes
Turn   | Place    | Note
-------+----------+-------------------------------------------
     0 | D:1      | Essalna the Djinni Conjurer began the quest for the Orb.
     0 | D:1      | Reached XP level 1. HP: 15/15 MP: 0/0
    26 | D:1      | Reached skill level 1 in Fighting
    26 | D:1      | Reached XP level 2. HP: 15/22 MP: 0/0
   311 | D:1      | Found Falas's Antique Armour Boutique.
   358 | D:1      | Reached XP level 3. HP: 23/27 MP: 0/0
   358 | D:1      | Learned a level 1 spell: Slow
   819 | D:1      | Found a faded altar of an unknown god.
  1100 | D:2      | Noticed Natasha
  1109 | D:2      | Killed Natasha
  1110 | D:2      | Reached XP level 4. HP: 24/34 MP: 0/0
  1193 | D:2      | Noticed Natasha
  1202 | D:2      | Killed Natasha
  1203 | D:2      | Reached skill level 4 in Spellcasting
  1204 | D:2      | Reached XP level 5. HP: 35/40 MP: 0/0
  1204 | D:2      | Learned a level 2 spell: Ensorcelled Hibernation
  1375 | D:2      | Slain by an orc wizard

Illustrated notes

Levels and vault maps discovered:
D:1:      elethiomel_arrival_shortcut, layout_rooms,
          hellmonk_ecumenical_altar_prayer_group, serial_shops, shop,
          st_stairs_6
D:2:      layout_basic, st_stairs_5, kennysheep_decorative_pillar,
          minmay_tripent, uniq_natasha, uniq_terence

Skill      XL: |  1  2  3  4  5 |
---------------+----------------+-----
Fighting       | 1 2 3 |  3.3
Spellcasting   | 4 |  4.2
Dodging        | |  2.1
Stealth        | |  1.5

Action                   |  1- 3 |  4- 6 || total
-------------------------+-------+-------++-------
Melee: Unarmed           |     2 |       ||     2
 Cast: Magic Dart        |    68 |     5 ||    73
       Searing Ray       |       |     5 ||     5
Armor: Robe              |     3 |     3 ||     6
Dodge: Dodged            |     7 |     3 ||    10

Table legend: (Time is in decaauts)
 A = Elapsed time spent in this place.
 B = Non-inter-level travel time spent in this place.
 C = Inter-level travel time spent in this place.
 D = Time resting spent in this place.
 E = Time spent auto-exploring this place.
 F = Levels seen in this place.
 G = Mean time per level.
                   A        B        C        D        E       F      G
               +--------+--------+--------+--------+--------+-----+--------+
         Total |   1394 |   1382 |     12 |      0 |   1200 |   2 |  697.0 |
       Dungeon |   1394 |   1382 |     12 |      0 |   1200 |   2 |  697.0 |
               +--------+--------+--------+--------+--------+-----+--------+

Top non-repeatable levels by time:
     D:1: 945 daAuts
     D:2: 449 daAuts
